 Dungeon Crawl Stone Soup version 0.27.0-1-g7a089689b8 (webtiles) character file.

Game seed: 7404979819816585782

40 Sobieck the Chopper (level 3, -2/31 HPs)
             Began as a Palentonga Fighter on Aug 5, 2021.
             Slain by a gnoll (4 damage)
             ... on level 2 of the Dungeon.
             The game lasted 00:02:11 (1114 turns).

Sobieck the Chopper (Palentonga Fighter)            Turns: 1114, Time: 00:02:11

Health: -2/31      AC:  6    Str: 20    XL:     3   Next: 30%
Magic:  3/3        EV:  5    Int:  8    God:
Gold:   85         SH:  8    Dex:  9    Spells: 2/2 levels left

rFire    . . .     SeeInvis +   a - +0 war axe {axe}
rCold    . . .     Faith    .   c - +0 kite shield
rNeg     . . .     Spirit   .   b - +0 scale mail
rPois    .         Reflect  .   (no helmet)
rElec    .         Harm     .   (no cloak)
rCorr    .         Rampage  .   (no gloves)
Will     .....                  (no barding)
Stlth    ..........             (no amulet)
HPRegen  0.10/turn              (no ring)
MPRegen  0.08/turn              (no ring)

@: no status effects
A: large, rugged brown scales 3, see invisible, deformed body, roll 1, armoured
tail
a: Rolling Charge


You were on level 2 of the Dungeon.
You visited 1 branch of the dungeon, and saw 2 of its levels.

You collected 85 gold pieces.


Innate Abilities, Weirdness & Mutations

You are completely covered in rugged brown scales. (AC +3, +7% HP)
You have supernaturally acute eyesight. (SInv)
Armour fits poorly on your strangely shaped body.
You can roll at nearby foes to attack.
You have a long armoured tail.


   Skills:
 - Level 3.0 Fighting
 * Level 3.3 Axes
 - Level 2.4 Armour
 + Level 2.8 Shields


You had 2 spell levels left.
You didn't know any spells.
Your spell library was empty.

Inventory:

Hand Weapons
 a - a +0 war axe (weapon) {axe}
 h - a +0 hunting sling {sling}
   (You found it on level 1 of the Dungeon)
 k - a +1 dagger of draining {short}
   (You took it off a goblin on level 1 of the Dungeon)
Missiles
 f - 35 stones (quivered) {throwing}
 m - 17 bolts
Armour
 b - a +0 scale mail (worn)
 c - a +0 kite shield (worn)
Scrolls
 l - a scroll of magic mapping {unknown}
Potions
 d - a potion of might
 e - a potion of curing {unknown}
 g - a potion of cancellation {unknown}
 i - a potion of invisibility {unknown}
 j - a potion of mutation {unknown}

Dungeon Overview and Level Annotations

Branches:
Dungeon (2/15)

Altars:
################### .....(....g@.°...<# ###################

You could see a gnoll.


Message History

f - 36 stones {throwing} (gained 3)
You see here a +0 short sword {short}.
You see here a +0 short sword {short}.
l - a scroll labelled NUQAEM ZAOGIE
m - 17 bolts You see here a +0 club {mace}.
You see here a +0 spear {polearm}.
Found a stone staircase leading down.
There is a stone staircase leading down here.
You open the door.
There is an open door here.
A hobgoblin comes into view.
The hobgoblin shouts!
The hobgoblin moves out of view.
A hobgoblin is nearby!
Danger!
Roll where?
Press: ? - help, Dir - move target, f - hobgoblin
Aim: a hobgoblin You roll forward with a clatter of scales!
You hit the hobgoblin but do no damage. You block the hobgoblin's attack.
You barely miss the hobgoblin.
Your tail-slap misses the hobgoblin.
You block the hobgoblin's attack.
The hobgoblin hits you but does no damage.
You slash the hobgoblin!
You kill the hobgoblin!
No target in view!
Done exploring.
(D) Dungeon
Where to? (? - help)
There is an open door here.
There is a stone staircase leading down here.
You climb downwards.
There is a stone staircase leading up here.
A gnoll comes into view. It is wielding a +0 club.
Danger!
There's nothing you can charge at!
Unknown command.
There's nothing you can charge at!
You throw a stone {throwing}. The stone {throwing} hits the gnoll.
Roll where?
Press: ? - help, Dir - move target, f/p - gnoll
Aim: a gnoll, wielding a +0 club (lightly wounded)
You roll forward with a clatter of scales!
You completely miss the gnoll.
Your tail-slap misses the gnoll.
You hear a shout!
You block the gnoll's attack.
A gnoll comes into view. It is wielding a +0 club.
The gnoll barely misses you.
You closely miss the gnoll. You tail-slap the gnoll.
You block the gnoll's attack.
A gnoll comes into view. It is wielding a +0 halberd.
You closely miss the gnoll. The gnoll completely misses you.
The gnoll hits you with a +0 club.
You closely miss the gnoll. The gnoll hits you with a +0 club.
There is a stone staircase leading up here.
You block the gnoll's attack.
You climb upwards.
There is a stone staircase leading down here.
You hit the gnoll. The gnoll hits you with a +0 club.
You block the gnoll's attack.
You slash the gnoll!
You kill the gnoll!
Your life force feels restored.
Your Axes skill increases to level 3!
You have reached level 3!
Your experience leads to an increase in your attributes!
Increase (S)trength, (I)ntelligence, or (D)exterity?
You feel stronger.
You start resting.
You climb downwards.
You block the gnoll's attack. The gnoll barely misses you.
There is a stone staircase leading up here.
Danger!
The gnoll completely misses you. You block the gnoll's attack.
You climb upwards.
There is a stone staircase leading down here.
You hit the gnoll. You block the gnoll's attack.
You hit the gnoll but do no damage. You block the gnoll's attack.
The gnoll hits you but does no damage.
You hit the gnoll. The gnoll hits you but does no damage.
The gnoll barely misses you.
You closely miss the gnoll.
Your tail-slap misses the gnoll.
The gnoll hits you but does no damage.
You hit the gnoll.
You kill the gnoll!
You climb downwards.
There is a stone staircase leading up here.
Danger!
Roll where?
Press: ? - help, Dir - move target, f - gnoll
Aim: a gnoll, wielding a +0 halberd You roll forward with a clatter of scales!
You barely miss the gnoll.
The gnoll hits you with a +0 halberd! x2
* * * LOW HITPOINT WARNING * * *
Unknown command.
Your shield prevents you from hitting the gnoll.
You block the gnoll's attack.
You slash the gnoll! The gnoll hits you with a +0 halberd!
* * * LOW HITPOINT WARNING * * *
The gnoll hits you with a +0 halberd.
You die...

Skill      XL: |  1  2 |
---------------+-------+-----
Axes           | 3 |  3.3
Fighting       | |  3.0
Armour         | |  2.4
Shields        | |  2.8

Action                   || total
-------------------------++-------
Melee: War axe           ||    63
       Tailslap          ||     4
Throw: Stone             ||    11
 Abil: Rolling Charge    ||    15
Armor: Scale mail        ||    25
Dodge: Dodged            ||    14
Block: Kite shield       ||    36

Levels and vault maps discovered:
D:1:      scummos_arrival_forest, layout_basic
D:2:      layout_basic, basic_altar

Notes
Turn   | Place    | Note
-------+----------+-------------------------------------------
     0 | D:1      | Sobieck the Palentonga Fighter began the quest for the Orb.
     0 | D:1      | Reached XP level 1. HP: 19/19 MP: 1/1
   225 | D:1      | Reached XP level 2. HP: 21/25 MP: 2/2
  1024 | D:1      | Reached skill level 3 in Axes
  1024 | D:1      | Reached XP level 3. HP: 23/31 MP: 3/3
  1114 | D:2      | HP: 2/31 [gnoll (11)]
  1114 | D:2      | Slain by a gnoll

Vanquished Creatures
  2 gnolls (D:1)
  A ball python (D:1)
  An endoplasm (D:1)
  4 goblins (D:1)
  2 hobgoblins (D:1)
  2 jackals (D:1)
  2 kobolds (D:1)
  A quokka (D:1)
  A bat (D:1)
  3 rats (D:1)
19 creatures vanquished.

Table legend:
 A = Non-vault XP
 B = Vault XP
 C = Vault XP percentage of total XP
 D = Non-vault monster count
 E = Vault monster count
 F = Vault count percentage of total count
                 A         B        C        D         E       F
            +---------+---------+-------+---------+---------+-------
      Total |      58 |       0 |   0.0 |      19 |       0 |   0.0
            +---------+---------+-------+---------+---------+-------
        D:1 |      58 |       0 |   0.0 |      19 |       0 |   0.0
            +---------+---------+-------+---------+---------+-------

Illustrated notes

Table legend:
 A = Kills in this place as a percentage of kills in entire the game.
 B = Kills by you in this place as a percentage of kills by you in the entire game.
 C = Kills by friends in this place as a percentage of kills by friends in the entire game.
 D = Other kills in this place as a percentage of other kills in the entire game.
 E = Experience gained in this place as a percentage of experience gained in the entire game.
 F = Experience gained in this place divided by the number of levels of this place that you have seen.
                   A       B       C       D       E      F
               +-------+-------+-------+-------+-------+----------------------
         Total | 100.0 | 100.0 |   N/A |   N/A | 100.0 |  29.0
       Dungeon | 100.0 | 100.0 |   N/A |   N/A | 100.0 |  29.0
               +-------+-------+-------+-------+-------+----------------------

Table legend: (Time is in decaauts)
 A = Elapsed time spent in this place.
 B = Non-inter-level travel time spent in this place.
 C = Inter-level travel time spent in this place.
 D = Time resting spent in this place.
 E = Time spent auto-exploring this place.
 F = Levels seen in this place.
 G = Mean time per level.
                   A        B        C        D        E       F      G
               +--------+--------+--------+--------+--------+-----+--------+
         Total |   1155 |   1128 |     27 |    229 |    715 |   2 |  577.5 |
       Dungeon |   1155 |   1128 |     27 |    229 |    715 |   2 |  577.5 |
               +--------+--------+--------+--------+--------+-----+--------+

Top non-repeatable levels by time:
     D:1: 1115 daAuts
     D:2: 39 daAuts
